 Dungeon Crawl Stone Soup version 0.31-a0-574-g69dc8cc98e (webtiles) character file.

Game seed: 4290004237088752953

1925 zazu2006 the Covert (level 9, -8/76 HPs)
             Began as a Naga Hedge Wizard on Aug 19, 2023.
             Was an Initiate of Vehumet.
             Mangled by a swamp worm (15 damage)
             ... on level 7 of the Dungeon.
             The game lasted 00:17:06 (6434 turns).

zazu2006 the Covert (Naga Hedge Wizard)             Turns: 6434, Time: 00:17:07

Health: -8/76      AC:  7    Str: 13    XL:     9   Next: 17%
Magic:  19/25      EV: 10    Int: 17    God:    Vehumet [......]
Gold:   285        SH:  0    Dex: 12    Spells: 12/18 levels left

rFire   . . .        c - +2 falchion (elec)
rCold   + . .        (no shield)
rNeg    . . .        B - +0 leather armour {rC+}
rPois   +            q - +0 helmet
rElec   .            o - +0 cloak
rCorr   .            (no gloves)
SInv    +            (no barding)
Will    +....        k - amulet of magic regeneration
Stlth   +++          t - ring of magical power
HPRegen 0.32/turn    C - ring of flight
MPRegen 0.59/turn

%: no passive effects
@: flying, very slow
A: AC +3, large, see invisible, deformed body, poison resistance, slowness 2,
spit poison 1, naga tail 1
a: Spit Poison, Renounce Religion


You were on level 7 of the Dungeon.
You worshipped Vehumet.
Vehumet was noncommittal.
You visited 2 branches of the dungeon, and saw 8 of its levels.

You collected 345 gold pieces.
You spent 60 gold pieces at shops.

Inventory:

Hand Weapons
 c - a +2 falchion of electrocution (weapon)
 l - a +2 dagger of venom
Missiles
 i - a throwing net
Armour
 o - a +0 cloak (worn)
 q - a +0 helmet (worn)
 B - a +0 leather armour of cold resistance (worn)
Jewellery
 k - an amulet of magic regeneration (around neck)
 t - a ring of magical power (left hand)
 C - a ring of flight (right hand)
Wands
 v - a wand of light (2)
Scrolls
 a - 5 scrolls of silence {unknown}
 b - 2 scrolls of amnesia {unknown}
 e - 4 scrolls of identify {unknown}
 f - 5 scrolls of immolation {unknown}
 g - a scroll of blinking {unknown}
 h - 5 scrolls of vulnerability {unknown}
 j - 2 scrolls of noise {unknown}
 n - 2 scrolls of teleportation {unknown}
 p - a scroll of revelation {unknown}
 u - 4 scrolls of enchant armour {unknown}
 w - a scroll of fear {unknown}
 y - a scroll of acquirement {unknown}
 A - a scroll of fog {unknown}
Potions
 d - 2 potions of magic
 m - a potion of resistance
 r - 2 potions of enlightenment {unknown}
 s - 3 potions of curing
 x - 2 potions of might {unknown}
 z - a potion of brilliance
 D - a potion of cancellation {unknown}


   Skills:
 + Level 3.3 Fighting
 + Level 2.3(3.6) Short Blades
 + Level 4.2(4.6) Long Blades
 + Level 2.5 Armour
 + Level 3.7 Dodging
 + Level 8.0 Stealth
 + Level 5.1 Spellcasting
 + Level 3.3 Conjurations
 + Level 1.0 Summonings
 + Level 1.0 Translocations
 + Level 1.8 Air Magic
 + Level 2.6 Poison Magic
 + Level 0.1 Evocations


You had 12 spell levels left.
You knew the following spells:

 Your Spells              Type           Power      Damage    Failure   Level
a - Magic Dart            Conj           60%        1d6       4%          1
b - Mephitic Cloud        Conj/Pois/Air  13%        N/A       19%         3
c - Blink                 Tloc           14%        N/A       19%         2

Your spell library contained the following spells:

 Spells                   Type           Power      Damage    Failure   Level
 Poisonous Vapours        Pois/Air       22%        N/A       11%         2
 Cigotuvi's Dreadful Rot  Necr/Pois/Air  18%        N/A       14%         2
 Slow                     Hex            16%        N/A       19%         1
 Call Imp                 Summ           14%        N/A       19%         2
 Scorch                   Fire           8%         2d5       26%         2
 Flame Wave               Conj/Fire      10%        2d6       65%         4
 Freezing Cloud           Conj/Ice/Air   5%         6-21      94%         5
 Summon Cactus Giant      Summ           3%         N/A       100%        6


Dungeon Overview and Level Annotations

Branches:
Dungeon (7/15)             Temple (1/1) D:6

Altars:
Ashenzari
Cheibriados
Dithmenos
Elyvilon
Fedhas
Gozag
Hepliaklqana
Kikubaaqudgha
Nemelex Xobeh
Okawaru
Qazlal
Ru
Sif Muna
Trog
Vehumet
Wu Jian
Xom
Zin
The Shining One

Shops:
D:2 !

Annotations:
D:3 Grinder
D:5 2 runed translucent doors, Hubris850's ghost, novice DrSh


Innate Abilities, Weirdness & Mutations

Your serpentine skin is tough. (AC +3)
You have supernaturally acute eyesight. (SInv)
Armour fits poorly on your strangely shaped body.
Your system is resistant to poisons. (rPois)
You cover ground very slowly.
You can spit poison.
You have a snake-like lower body.


Message History

Aim: a swamp worm (pursuing quickly, chance to affect: 53%)
The ball explodes into a vile cloud!
The stinking cloud engulfs the swamp worm but does no damage.
The stinking cloud engulfs you but does no damage.
The swamp worm fires a harpoon shot at you.
The harpoon shot hits you!
You are yanked forward by the harpoon shot.
The swamp worm is engulfed in noxious fumes.
The swamp worm fires a harpoon shot at you.
The harpoon shot hits you!!
* * * LOW HITPOINT WARNING * * *
You are yanked forward by the harpoon shot.
The swamp worm fires a harpoon shot at you.
The harpoon shot misses you.
The harpoon shot hits the swamp worm!!
Casting: Mephitic Cloud (dangerous; 19% risk of failure)
Confirm with . or Enter, or press ? or * to list all spells.
Aiming: Mephitic Cloud (dangerous; 19% risk of failure)
Press: ? - help, Shift-Dir - straight line, f - swamp worm, p - swamp worm
Aim: a swamp worm (chance to affect: 53%)
The ball explodes into a vile cloud!
The stinking cloud engulfs the swamp worm but does no damage.
The stinking cloud engulfs the plant but does no damage. x2
The swamp worm is engulfed in noxious fumes.
The swamp worm bites you!!
* * * LOW HITPOINT WARNING * * *
The swamp worm is engulfed in noxious fumes.
The swamp worm appears confused.
Unknown command.
It was a potion of curing.
You feel better.
The swamp worm is engulfed in noxious fumes.
The swamp worm appears confused.
The swamp worm barely misses you.
The swamp worm is engulfed in noxious fumes.
The swamp worm appears confused.
The swamp worm is engulfed in noxious fumes.
The swamp worm bites you!
* * * LOW HITPOINT WARNING * * *
The swamp worm is engulfed in noxious fumes.
The swamp worm is engulfed in noxious fumes.
The swamp worm appears confused.
The swamp worm bites you!
You die...

#.......########
.##..##### .....#
#####
###.###~~~~~#
###.##~~≈~≈~~###
....~~~~# ~~~~##
###~~≈###~###≈~~##
#.~≈##~~~~~#P~~.#
#.~~#)~~~~○~P~~@#
#.~≈## ~~w#~~~w#
#.~~~### ###≈~~.#
##..~~~~###~~~~..#
......~~≈~≈~~...##
##....#~~~~~##.###
##.#.###........#
#.#.......##.#.#
#.#####.####>#.#


You could see 2 swamp worms.

Vanquished Creatures
  A wraith (D:6)
  Eustachio (D:5)
  Edmund (D:4)
  2 orc warriors
  A black bear (D:5)
  3 ogres
  A phantom (D:6)
  2 scorpions
  A jelly (D:6)
  A hound (D:5)
  3 orc priests
  2 sleepcaps (D:6)
  Terence (D:3)
  4 iguanas
  6 orc wizards
  Robin (D:3)
  12 gnolls
  7 adders
  A shadow imp (D:5)
  An ufetubus (D:5)
  3 worms
  3 dart slugs
  13 orcs
  5 ball pythons
  4 endoplasms
  4 giant cockroaches
  8 goblins
  7 hobgoblins
  9 jackals
  2 quokkas
  4 bats
  4 frilled lizards
  7 kobolds
  A rat (D:2)
126 creatures vanquished.

Notes
Turn   | Place    | Note
-------+----------+-------------------------------------------
     0 | D:1      | zazu2006 the Naga Hedge Wizard began the quest for the Orb.
     0 | D:1      | Reached XP level 1. HP: 15/15 MP: 4/4
   153 | D:1      | Reached XP level 2. HP: 22/22 MP: 3/6
   498 | D:1      | Found a faded altar of an unknown god.
  1106 | D:2      | Reached XP level 3. HP: 11/28 MP: 8/8
  1110 | D:2      | Learned a level 3 spell: Mephitic Cloud
  1113 | D:2      | Learned a level 2 spell: Blink
  1409 | D:2      | Reached skill level 4 in Stealth
  1522 | D:2      | Reached XP level 4. HP: 24/36 MP: 9/9
  2049 | D:2      | Reached XP level 5. HP: 21/42 MP: 8/10
  2324 | D:2      | Found Tapomaoc's Distillery.
  2333 | D:2      | Bought a potion of degeneration for 10 gold pieces
  2333 | D:2      | Bought a potion of heal wounds for 50 gold pieces
  2775 | D:3      | Noticed Terence
  2811 | D:3      | Killed Terence
  2812 | D:3      | Reached skill level 5 in Stealth
  2982 | D:3      | Noticed Robin
  2998 | D:3      | Reached skill level 1 in Short Blades
  3153 | D:3      | Killed Robin
  3154 | D:3      | Reached XP level 6. HP: 41/42 MP: 12/12
  3272 | D:3      | Noticed Grinder
  3444 | D:4      | Reached skill level 1 in Fighting
  3866 | D:4      | Noticed Edmund
  3873 | D:4      | Killed Edmund
  3874 | D:4      | Reached skill level 1 in Armour
  3874 | D:4      | Reached XP level 7. HP: 55/57 MP: 13/13
  4176 | D:4      | Reached skill level 1 in Poison Magic
  4340 | D:5      | Entered Level 5 of the Dungeon
  4406 | D:5      | Found a large runed translucent door.
  4407 | D:5      | Found a large runed translucent door.
  4414 | D:5      | Reached skill level 1 in Long Blades
  4429 | D:5      | Reached skill level 6 in Stealth
  4679 | D:5      | Noticed Eustachio
  4708 | D:5      | Killed Eustachio
  4709 | D:5      | Reached skill level 1 in Air Magic
  4709 | D:5      | Reached XP level 8. HP: 53/67 MP: 15/15
  4936 | D:5      | Noticed Hubris850's ghost (novice DrSh)
  4974 | D:5      | Reached skill level 5 in Spellcasting
  5510 | D:6      | Noticed a wraith
  5573 | D:6      | Reached skill level 7 in Stealth
  5649 | D:6      | Killed a wraith
  5650 | D:6      | Reached XP level 9. HP: 66/75 MP: 16/16
  5853 | D:6      | Found a staircase to the Ecumenical Temple.
  5871 | D:6      | Reached skill level 8 in Stealth
  5873 | Temple   | Entered the Ecumenical Temple
  5893 | Temple   | Became a worshipper of Vehumet
  6431 | D:7      | HP: 3/76 [swamp worm (19)]
  6434 | D:7      | Mangled by a swamp worm

Illustrated notes

Levels and vault maps discovered:
D:1:      scummos_arrival_gate, layout_loops_ring,
          ebering_ecumenical_altar_petrified, serial_forest,
          infiniplex_forest_straight_1, infiniplex_forest_3_way,
          infiniplex_forest_end_2, infiniplex_forest_clump_small,
          infiniplex_forest_straight_1, infiniplex_forest_clump_diagonal,
          infiniplex_forest_straight_5
D:2:      layout_loops_ring, serial_shops, nicolae_shop_trees
D:3:      layout_basic, uniq_terence, uniq_robin, uniq_grinder
D:4:      layout_cave_pools, uniq_edmund
D:5:      layout_rooms, serial_aquarium, aquarium_bridge_square
          [aquarium_subvault_bridge, aquarium_subvault_wall,
          aquarium_subvault_wall, aquarium_subvault_bridge], aquarium_window_1,
          aquarium_window_corner, aquarium_window_corridor_3, aquarium_window_2,
          aquarium_view_2f, aquarium_pool_five, ebering_ghost_disaster_area,
          minmay_misc_feat_chi, uniq_eustachio
D:6:      layout_loops_ring, minmay_temple_entry_ruins
D:7:      kennysheep_housing_project, layout_loops_corners, worms_lemuel,
          uniq_joseph
Temple:   compressed_dpeg_triangle_lava_temple

Skill      XL: |  1  2  3  4  5  6  7  8  9 |
---------------+----------------------------+-----
Dodging        | 2 3 |  3.7
Stealth        | 4 5 6 7 8 |  8.0
Spellcasting   | 4 5 |  5.1
Short Blades   | 1 2 |  2.3
Fighting       | 1 2 3 |  3.3
Conjurations   | 2 3 |  3.3
Armour         | 1 2 |  2.5
Poison Magic   | 1 2 |  2.6
Long Blades    | 2 3 4 |  4.2
Air Magic      | 1 |  1.8
Summonings     | |  1.0
Translocations | |  1.0
Evocations     | |  0.1

Action                     |  1- 3 |  4- 6 |  7- 9 || total
---------------------------+-------+-------+-------++-------
  Melee: Dagger            |    57 |   119 |    13 ||   189
         Punch             |     2 |     1 |     6 ||     9
         Falchion          |       |       |   168 ||   168
   Cast: Magic Dart        |    29 |    26 |    30 ||    85
         Mephitic Cloud    |       |     4 |    23 ||    27
         Blink             |       |     1 |       ||     1
Ability: Spit Poison       |    10 |     2 |     3 ||    15
  Evoke: Wand              |       |       |     1 ||     1
    Use: Potion            |     1 |     4 |     1 ||     6
   Stab: Sleeping          |     2 |     6 |     2 ||    10
         Confused          |       |     3 |    13 ||    16
 Armour: Robe              |     8 |     7 |       ||    15
         Skin              |       |     3 |       ||     3
         Leather armour    |       |     9 |    80 ||    89
  Dodge: Dodged            |    35 |    59 |   109 ||   203

Table legend: (Time is in decaauts)
 A = Elapsed time spent in this place.
 B = Non-inter-level travel time spent in this place.
 C = Inter-level travel time spent in this place.
 D = Time resting spent in this place.
 E = Time spent auto-exploring this place.
 F = Levels seen in this place.
 G = Mean time per level.
                   A        B        C        D        E       F      G
               +--------+--------+--------+--------+--------+-----+--------+
         Total |   7841 |   7465 |    376 |    785 |   5105 |   8 |  980.1 |
       Dungeon |   7805 |   7441 |    364 |    785 |   5094 |   7 | 1115.0 |
        Temple |     36 |     24 |     12 |      0 |     11 |   1 |   36.0 |
               +--------+--------+--------+--------+--------+-----+--------+

Top non-repeatable levels by time:
     D:2: 1719 daAuts
     D:1: 1595 daAuts
     D:5: 1474 daAuts
     D:4: 1207 daAuts
     D:6: 963 daAuts
     D:3: 702 daAuts
     D:7: 144 daAuts
  Temple: 36 daAuts
